 Dungeon Crawl Stone Soup version 0.27.0-1-g7a089689b8 (webtiles) character file.

Game seed: 2843212113892419117

28 trckry the Grasshopper (level 3, 0/36 HPs)
             Began as an Ogre Warper on Aug 11, 2021.
             Was a Plaything of Xom.
             Slain by a quokka (3 damage)
             ... on level 2 of the Dungeon.
             The game lasted 00:01:50 (1578 turns).

trckry the Grasshopper (Ogre Warper)                Turns: 1578, Time: 00:01:51

Health: 0/36       AC:  3    Str: 15    XL:     3   Next: 12%
Magic:  7/7        EV:  9    Int: 15    God:    Xom [..*...]
Gold:   30         SH:  0    Dex:  8    Spells: 7/7 levels left

rFire    . . .     SeeInvis .   a - +0 mace
rCold    . . .     Faith    .   (no shield)
rNeg     . . .     Spirit   .   b - +0 robe
rPois    .         Reflect  .   (helmet restricted)
rElec    .         Harm     .   (no cloak)
rCorr    .         Rampage  .   (gloves unavailable)
Will     .....                  (boots unavailable)
Stlth    +.........             (no amulet)
HPRegen  0.12/turn              (no ring)
MPRegen  0.10/turn              (no ring)

@: no status effects
A: large, unfitting armour, tough skin 1
a: Renounce Religion


You were on level 2 of the Dungeon.
You worshipped Xom.
You were a toy of Xom.
You visited 1 branch of the dungeon, and saw 2 of its levels.

You collected 30 gold pieces.

Inventory:

Hand Weapons
 a - a +0 mace (weapon)
Missiles
 d - 5 boomerangs of dispersal (quivered)
Armour
 b - a +0 robe (worn)
Wands
 h - a wand of acid (6)
Scrolls
 c - a scroll of blinking
 e - a scroll of vulnerability {unknown}
 i - 2 scrolls of identify {unknown}
Potions
 f - a potion of haste {unknown}
 g - a potion of attraction {unknown}


   Skills:
 + Level 2.9 Fighting
 * Level 2.2 Maces & Flails
 + Level 1.3 Throwing
 - Level 2.1 Dodging
 + Level 2.6 Spellcasting
 * Level 3.1 Translocations


You had 7 spell levels left.
You didn't know any spells.
Your spell library contained the following spells:

 Spells                   Type           Power      Damage    Failure   Level
 Blink                    Tloc           N/A        N/A       9%          2
 Gell's Gravitas          Tloc           5%         N/A       17%         3
 Lesser Beckoning         Tloc           5%         N/A       17%         3
 Teleport Other           Tloc           11%        N/A       17%         3
 Sting                    Tmut/Pois      4%         1d3       22%         1
 Poisonous Vapours        Pois/Air       2%         N/A       32%         2
 Slow                     Hex            1%         N/A       32%         2
 Confusing Touch          Hex            1%         N/A       54%         3
 Vampiric Draining        Necr           0%         2d6       54%         3
 Manifold Assault         Tloc           11%        N/A       85%         5
 Olgreb's Toxic Radiance  Pois           1%         N/A       91%         4


Dungeon Overview and Level Annotations

Branches:
Dungeon (2/15)

Altars:
Xom

Shops:
D:1 ?


Innate Abilities, Weirdness & Mutations

You are too large for most types of armour.
You have tough skin. (AC +1)


Message History

The quokka bites you but does no damage.
You barely miss the quokka.
The quokka is lightly wounded.
The quokka barely misses you.
You barely miss the quokka.
The quokka is lightly wounded.
The quokka bites you.
The quokka bites you but does no damage.
You take 3 damage, and have 13/36 hp.
You hit the quokka but do no damage.
The quokka is lightly wounded.
The quokka bites you.
* * * LOW HITPOINT WARNING * * *
You take 4 damage, and have 9/36 hp.
You hit the quokka but do no damage.
The quokka is lightly wounded.
The quokka barely misses you.
The quokka bites you but does no damage.
You barely miss the quokka.
The quokka is lightly wounded.
The quokka bites you.
* * * LOW HITPOINT WARNING * * *
You take 2 damage, and have 7/36 hp.
You barely miss the quokka.
The quokka is lightly wounded.
The quokka closely misses you. The quokka bites you.
* * * LOW HITPOINT WARNING * * *
You take 4 damage, and have 3/36 hp.
You hit the quokka.
The quokka is almost dead.
The quokka barely misses you.
The quokka bites you but does no damage.
You closely miss the quokka.
The quokka is almost dead.
The quokka barely misses you.
You closely miss the quokka.
The quokka is almost dead.
The quokka barely misses you. The quokka bites you.
You die... "I guess I need a new plaything now."

....# #.<.....
##...####.##..####.
###..................
....................
...................
##....##....#..####.
#.#...##.#..#..####.
#.#r..##..........#.
#######.#@#.##............
......#.#.#..###..#..##(..
..................#.......
#######.##<.......#..##..#
#.# #...........#..#
#.#####.#...#......#
##.................##
#....................
#...............##.##


You could see a quokka.

Vanquished Creatures
  2 dart slugs (D:1)
  2 bats
  2 endoplasms (D:1)
  A giant cockroach (D:1)
  A goblin (D:1)
  8 jackals
  2 ball pythons (D:1)
  A kobold (D:1)
  2 rats (D:1)
21 creatures vanquished.

Notes
Turn   | Place    | Note
-------+----------+-------------------------------------------
     0 | D:1      | trckry the Ogre Warper began the quest for the Orb.
     0 | D:1      | Reached XP level 1. HP: 22/22 MP: 3/3
    51 | D:1      | Reached XP level 2. HP: 19/29 MP: 3/5
   191 | D:1      | Found Foiwk's Magic Scroll Emporium.
   535 | D:1      | Reached skill level 3 in Translocations
   932 | D:1      | Reached XP level 3. HP: 36/36 MP: 6/6
  1441 | D:2      | Found a faded altar of an unknown god.
  1458 | D:2      | Became a worshipper of Xom the Random
  1574 | D:2      | HP: 3/36 [quokka (4)]
  1578 | D:2      | Slain by a quokka

Illustrated notes

Levels and vault maps discovered:
D:1:      nicolae_arrival_somewhat_less_tricky_arrival, layout_loops_corners,
          serial_shops, shop
D:2:      layout_basic, hellmonk_ecumenical_altar_dog_temple, bh_walls_and_bars

Skill      XL: |  1  2 |
---------------+-------+-----
Maces & Flails | 2 |  2.2
Translocations | 3 |  3.1
Fighting       | |  2.9
Throwing       | |  1.3
Dodging        | |  2.1
Spellcasting   | |  2.6

Action                   || total
-------------------------++-------
Melee: Mace              ||    88
Armor: Robe              ||    26
Dodge: Dodged            ||    55
